 Dungeon Crawl Stone Soup version 0.31.0-1-g2c135a008e (webtiles) character file.

Game seed: 4602915939388365550

53 qw the Shooter (level 4, -13/35 HPs)
             Began as a Djinni Hunter on Jan 23, 2024.
             Mangled by a gnoll
             ... wielding a +0 halberd
              (16 damage)
             ... on level 2 of the Dungeon.
             The game lasted 00:00:05 (936 turns).

qw the Shooter (Djinni Hunter)                       Turns: 936, Time: 00:00:05

Health: -13/35     AC:  3    Str: 10    XL:     4   Next: 10%
Gold:   74         EV: 12    Int: 10    God:
                   SH:  0    Dex: 19

rFire   + + .        a - +0 shortbow
rCold   x . .        (shield currently unavailable)
rNeg    . . .        c - +0 leather armour
rPois   inf          (no helmet)
rElec   .            (no cloak)
rCorr   .            (no gloves)
SInv    .            (boots unavailable)
Will    .....        (no amulet)
Stlth   ++           (no ring)
HPRegen 0.25/turn    (no ring)
MPRegen 0.00/turn

%: infuse magic (-14 HP)
@: flying
A: sickness immunity, fire resistance 2, cold vulnerability 1, float, innate
caster, HP casting, extra vitality 1
a: no special abilities


You were on level 2 of the Dungeon.
You visited 1 branch of the dungeon, and saw 2 of its levels.

You collected 74 gold pieces.


Innate Abilities, Weirdness & Mutations

You are immune to sickness and miasma.
You are immune to poison.
Your flesh is very heat resistant. (rF++)
You are vulnerable to cold. (rC-)
You float through the air rather than walking.
You learn spells naturally, not from books.
Your magical power is your life essence.
You have superior vitality. (+4 MHP)


   Skills:
 - Level 3.0 Fighting
 - Level 4.0 Ranged Weapons
 + Level 2.1 Dodging
 - Level 0.7 Stealth


You knew the following spells:

 Your Spells              Type           Power      Damage    Failure   Level
a - Summon Small Mammal   Summ           0%         N/A       45%         1
Your spell library was empty.

Inventory:

Hand Weapons
 a - a +0 shortbow (weapon)
Armour
 c - a +0 leather armour (worn)
Jewellery
 f - the ring "Mifesh" {Fly Int+3 Dex+6 Stlth-}
   (You found it on level 2 of the Dungeon)

   [ring of dexterity]

   Int+3:     It affects your intelligence (+3).
   Dex+6:     It affects your dexterity (+6).
   Fly:       It grants you flight.
   Stlth-:    It makes you less stealthy.
Scrolls
 b - a scroll of fear {unknown}
 g - a scroll of teleportation {unknown}
 h - a scroll of fog {unknown}
Potions
 d - a potion of haste {unknown}
 e - a potion of degeneration {unknown}

Dungeon Overview and Level Annotations

Branches:
Dungeon (2/15)

Altars:


Message History

The gnoll hits you with a +0 whip.
A gnoll comes into view. It is wielding a +0 club.
You shoot an arrow.
The arrow hits the gnoll but does no damage.
The gnoll is heavily wounded.
The gnoll hits you with a +0 whip.
You shoot an arrow.
The arrow completely misses the gnoll. x2
You hear a shout!
A gnoll comes into view. It is wielding a +0 halberd.
The gnoll hits you with a +0 whip.
You hear an angry hiss.
Enter note:
Enter note:
Enter note:
Enter note:
929 ||| RETREEEEATING.
Enter note:
Enter note:
930 ||| RETREEEEATING.
You shoot an arrow. The arrow barely misses the gnoll.
The gnoll barely misses you.
A frilled lizard comes into view.
Enter note:
Enter note:
932 ||| RETREEEEATING.
You shoot an arrow. The arrow hits the gnoll!
You kill the gnoll!
The gnoll misses you.
The gnoll hits you from afar with a +0 halberd.
Your Fighting skill increases to level 3!
You have reached level 4!
You feel agile.
You shoot an arrow. The arrow hits the gnoll.
The gnoll is moderately wounded.
The gnoll hits you with a +0 club. The gnoll hits you but does no damage.
You shoot an arrow. The arrow barely misses the gnoll.
The gnoll hits you with a +0 club! The gnoll closely misses you.
You shoot an arrow. The arrow closely misses the gnoll.
The gnoll hits you with a +0 club.
The gnoll hits you from afar with a +0 halberd!
You die...

###.......######.#
#................#
##......#########
.. #......# #.
##.....#
#.##..#####
#....########
#..##.......# #..
#@#####.#
##.#.%##g#
#.l....g.###
........l...#
########..#.#
.....#.# ##.#..#.#
#.#..#.# # #..#.#


You could see 2 gnolls and a frilled lizard.

Vanquished Creatures
  A gnoll (D:2)
  A ribbon worm (D:2)
  A dart slug (D:1)
  A bat (D:1)
  3 endoplasms (D:1)
  A giant cockroach (D:1)
  9 goblins
  A hobgoblin (D:1)
  2 jackals (D:1)
  4 quokkas
  3 ball pythons
  5 kobolds
  A rat (D:2)
33 creatures vanquished.

Notes
Turn   | Place    | Note
-------+----------+-------------------------------------------
     0 | D:1      | qw the Djinni Hunter began the quest for the Orb.
     0 | D:1      | Reached XP level 1. HP: 18/18 MP: 0/0
     0 | D:1      | 0 ||| qw: Version: 0.3-a-135-gb77e89d
     0 | D:1      | 0 ||| qw: Game counter: 890
     0 | D:1      | 0 ||| qw: Melee chars always use a shield: true
     0 | D:1      | 0 ||| qw: God list: Okawaru
     0 | D:1      | 0 ||| qw: Allow faded altars: false
     0 | D:1      | 0 ||| qw: Do Orc after clearing Dungeon:15 true
     0 | D:1      | 0 ||| qw: Do second Lair branch before Depths: true
     0 | D:1      | 0 ||| qw: Lair rune preference: random
     0 | D:1      | 0 ||| qw: Goals: Normal
     0 | D:1      | 0 ||| PLANNING D:1-11
    93 | D:1      | Reached XP level 2. HP: 23/23 MP: 0/0
   476 | D:1      | Reached skill level 4 in Ranged Weapons
   476 | D:1      | Reached XP level 3. HP: 28/28 MP: 0/0
   476 | D:1      | Learned a level 1 spell: Summon Small Mammal
   595 | D:1      | 595 ||| DROPPING scroll of butterflies.
   820 | D:2      | Identified the ring "Mifesh" {Fly Int+3 Dex+6 Stlth-}
   929 | D:2      | 929 ||| RETREEEEATING.
   930 | D:2      | 930 ||| RETREEEEATING.
   932 | D:2      | 932 ||| RETREEEEATING.
   934 | D:2      | Reached skill level 3 in Fighting
   934 | D:2      | Reached XP level 4. HP: 19/35 MP: 0/0
   935 | D:2      | HP: 8/35 [gnoll/+0 club (8)]
   936 | D:2      | HP: 3/35 [gnoll/+0 club (6)]
   936 | D:2      | Mangled by a gnoll

Levels and vault maps discovered:
D:1:      kennysheep_arrival_seaside, layout_loops_cross, fountainhead
D:2:      layout_basic, serial_shops, nicolae_shop_back_alley_shop, shop, shop,
          shop, minmay_quantized

Skill      XL: |  1  2  3 |
---------------+----------+-----
Ranged Weapons | 4 |  4.0
Fighting       | 3 |  3.0
Dodging        | |  2.1
Stealth        | |  0.7

Action                     |  1- 3 |  4- 6 || total
---------------------------+-------+-------++-------
   Fire: Shortbow          |   110 |     3 ||   113
 Armour: Leather armour    |    31 |     5 ||    36
  Dodge: Dodged            |    35 |     1 ||    36

Table legend:
 A = Non-vault XP
 B = Vault XP
 C = Vault XP percentage of total XP
 D = Non-vault monster count
 E = Vault monster count
 F = Vault count percentage of total count
                 A         B        C        D         E       F
            +---------+---------+-------+---------+---------+-------
      Total |      76 |       0 |   0.0 |      33 |       0 |   0.0
            +---------+---------+-------+---------+---------+-------
        D:1 |      38 |       0 |   0.0 |      19 |       0 |   0.0
        D:2 |      38 |       0 |   0.0 |      14 |       0 |   0.0
            +---------+---------+-------+---------+---------+-------
